Map: [ESL] Site Delta

Players

Stats - Winner!

  • Race: Protoss Protoss
  • League: Master
  • Spawn Location: 11:00

NightMare

  • Race: Protoss Protoss
  • League: Master
  • Spawn Location: 5:00

Event: IEM Katowice 2024

VOD

Have the link to the VOD?

Description

Time

  • Played on: Dec. 5, 2023, 5:39 a.m.
  • Length: 11:20

All games in this series

Show
View Real Time Build Order
Export as new Build Order

Stats Protoss - Winner!

Build Orders: Oracle Opening 

Get SALT Encoding   

  12  0:00  Probe  
  13  0:12  Probe  
  14  0:18  Pylon  
  14  0:24  Probe  
  15  0:36  Probe (Chrono Boost)  
  15  0:39  Gateway  
  16  0:46  Assimilator, Probe (Chrono Boost)  
  17  0:51  Probe (Chrono Boost)  
  18  1:03  Probe (Chrono Boost)  
  19  1:05  Pylon  
  19  1:09  Assimilator  
  19  1:14  Probe (Chrono Boost)  
  20  1:19  Probe (Chrono Boost)  
  21  1:26  Cybernetics Core  
  21  1:29  Probe  
  21  1:30  Zealot  
  24  1:41  Probe  
  25  1:53  Probe  
  26  2:03  Stargate, Adept (Chrono Boost)  
  28  2:19  Warp Gate  
  28  2:33  Nexus  
  29  2:38  Pylon  
  29  2:47  Oracle  
  31  2:54  Probe  
  31  2:56  Pylon  
  31  3:06  Probe  
  31  3:09  Stalker  
  34  3:19  Probe  
  35  3:23  Gateway, Oracle (Chrono Boost)  
  38  3:31  Probe  
  39  3:39  Twilight Council  
  39  3:47  Probe (Chrono Boost)  
  40  3:54  Probe (Chrono Boost)  
  41  3:58  Probe (Chrono Boost)  
  41  4:02  Probe (Chrono Boost)  
  41  4:08  Shield Battery, Stalker  
  43  4:12  Gateway  
  43  4:13  Probe x2  
  45  4:18  Stalker  
  45  4:20  Blink (Chrono Boost)  
  47  4:27  Probe  
  47  4:29  Probe  
  49  4:34  Stalker  
  45  4:48  Pylon  
  43  4:53  Stalker  
  41  5:00  Probe x2  
  43  5:07  Stalker  
  43  5:12  Probe x2  
  47  5:18  Stalker  
  49  5:24  Probe x2, Stalker  
  51  5:31  Stalker  
  50  5:36  Probe x2  
  52  5:44  Stalker  
  52  5:50  Stalker  
  52  5:51  Probe x2  
  52  5:55  Nexus, Stalker  
  58  6:00  Shield Battery  
  58  6:10  Stalker  
  58  6:15  Stalker  
  58  6:16  Probe x2  
  58  6:18  Gateway  
  62  6:19  Pylon  
  62  6:20  Assimilator  
  62  6:24  Stalker  
  61  6:29  Probe  
  62  6:37  Probe  
  62  6:38  Pylon  
  62  6:39  Stalker  
  65  6:40  Stalker, Pylon  
  65  6:41  Probe  
  65  6:45  Forge  
  68  6:50  Gateway, Probe  
  68  6:54  Gateway  
  69  6:58  Probe  
  70  7:02  Probe  
  70  7:06  Stalker x3  
  77  7:12  Robotics Facility  
  77  7:13  Probe x2  
  79  7:15  Probe  
  79  7:16  Protoss Ground Weapons Level 1 (Chrono Boost)  
  80  7:25  Probe  
  80  7:26  Probe  
  80  7:27  Pylon  
  80  7:28  Probe  
  83  7:36  Pylon  
  83  7:39  Probe x2  
  83  7:40  Probe  
  83  7:41  Gateway  
  83  7:42  Gateway  
  83  7:43  Sentry  
  88  7:49  Zealot x4  
  96  7:52  Charge  
  96  8:00  Zealot  
  96  8:01  Observer (Chrono Boost)  
  99  8:12  Zealot x2  
  99  8:13  Zealot x3  
  99  8:15  Immortal (Chrono Boost), Pylon  
  99  8:16  Pylon  
  113  8:33  Probe x2  
  113  8:34  Probe  
  114  8:40  Photon Cannon  
  114  8:42  Pylon  
  114  8:43  Photon Cannon, Assimilator  
  114  8:49  Protoss Ground Weapons Level 2 (Chrono Boost), Nexus  
  114  8:51  Immortal (Chrono Boost), Pylon  
  118  9:00  Photon Cannon  
  118  9:12  Probe x3  
  121  9:17  Zealot x5  
  121  9:19  Templar Archives  
  121  9:20  Immortal (Chrono Boost)  
  132  9:47  Pylon  
  132  9:48  Pylon  
  132  9:52  Zealot x3  
  132  9:53  Zealot x2  
  132  9:56  Pylon x2  
  132  9:59  Warp Prism (Chrono Boost)  
  140  10:03  Probe x3  
  140  10:04  Photon Cannon  
  140  10:05  Shield Battery  
  145  10:10  High Templar x2, Zealot  
  151  10:17  Gateway  
  151  10:19  Gateway, Probe x4  
  151  10:20  Archon  
  154  10:23  Zealot x4  
  162  10:28  Zealot  
  148  10:43  Zealot x2  
  148  10:44  Zealot x5  
  148  10:47  Warp Prism (Chrono Boost)  
  138  10:50  Zealot x6  
  118  11:06  Stalker x2  
  114  11:13  Stalker x5  
  114  11:14  Stalker x3  
Show
View Real Time Build Order
Export as new Build Order

NightMare Protoss 

Build Orders: 1 Gate Expand 

Get SALT Encoding   

  12  0:00  Probe  
  13  0:12  Probe  
  14  0:20  Pylon  
  14  0:24  Probe  
  15  0:38  Probe (Chrono Boost)  
  15  0:40  Gateway  
  16  0:43  Assimilator  
  16  0:48  Probe (Chrono Boost)  
  17  0:53  Probe (Chrono Boost)  
  18  1:04  Probe  
  18  1:09  Assimilator  
  19  1:16  Probe  
  20  1:29  Nexus  
  20  1:41  Cybernetics Core  
  20  1:44  Probe  
  21  1:50  Pylon  
  21  1:54  Pylon  
  21  1:57  Probe  
  22  2:09  Probe  
  22  2:15  Cybernetics Core  
  23  2:17  Stalker (Chrono Boost)  
  25  2:24  Probe  
  25  2:26  Warp Gate  
  25  2:38  Gateway  
  25  2:42  Stalker (Chrono Boost)  
  27  2:49  Probe  
  27  2:50  Probe  
  29  2:56  Shield Battery  
  29  3:01  Probe  
  29  3:02  Probe  
  29  3:05  Shield Battery  
  31  3:09  Stalker (Chrono Boost)  
  33  3:14  Probe  
  33  3:17  Probe  
  35  3:26  Stalker (Chrono Boost)  
  37  3:27  Probe  
  37  3:29  Probe  
  37  3:32  Stalker  
  41  3:43  Probe x2  
  41  3:45  Pylon  
  42  3:53  Twilight Council  
  42  3:55  Probe x2  
  41  4:07  Probe x2  
  43  4:12  Gateway  
  43  4:15  Stalker x2  
  47  4:18  Blink (Chrono Boost)  
  47  4:19  Probe  
  49  4:25  Pylon  
  49  4:31  Probe  
  49  4:37  Probe  
  50  4:43  Probe  
  50  4:44  Stalker x2  
  47  4:50  Probe  
  46  4:55  Probe (Chrono Boost)  
  43  5:02  Probe (Chrono Boost)  
  43  5:08  Probe (Chrono Boost)  
  43  5:09  Stalker x2  
  43  5:12  Stalker  
  46  5:14  Probe (Chrono Boost)  
  46  5:19  Probe  
  46  5:24  Probe  
  47  5:33  Probe  
  47  5:34  Stalker  
  50  5:37  Stalker  
  49  5:43  Probe  
  49  5:45  Probe  
  51  5:51  Stalker  
  53  5:57  Probe  
  53  5:58  Stalker  
  53  6:00  Stalker  
  58  6:05  Probe  
  58  6:09  Probe  
  54  6:17  Probe  
  55  6:18  Stalker  
  55  6:21  Probe  
  58  6:29  Probe  
  59  6:33  Probe  
  59  6:34  Assimilator, Pylon  
  59  6:36  Dark Shrine  
  58  6:41  Probe  
  58  6:45  Probe  
  58  6:46  Pylon  
  60  6:47  Shield Battery  
  60  6:51  Stalker  
  62  6:56  Stalker x2  
  66  7:11  Pylon  
  66  7:13  Nexus  
  66  7:23  Stalker x3  
  66  7:26  Probe x2  
  74  7:30  Shield Battery  
  74  7:38  Probe x2  
  74  7:39  Robotics Facility  
  74  7:43  Gateway  
  76  7:53  Dark Templar x2  
  76  7:54  Dark Templar  
  76  7:58  Probe x2  
  84  8:04  Pylon  
  84  8:05  Forge  
  84  8:10  Probe x2  
  86  8:18  Gateway  
  86  8:20  Gateway  
  86  8:24  Probe x2  
  86  8:31  Protoss Ground Weapons Level 1 (Chrono Boost)  
  84  8:39  Resonating Glaives (Chrono Boost), Gateway  
  84  8:42  Gateway  
  84  8:43  Adept x3  
  84  8:47  Observer (Chrono Boost)  
  91  8:49  Adept  
  93  8:56  Pylon  
  93  9:02  Gateway  
  93  9:07  Adept x3  
  93  9:08  Immortal (Chrono Boost)  
  103  9:18  Adept x3  
  109  9:29  Pylon  
  108  9:39  Adept x2  
  108  9:40  Adept x2  
  108  9:44  Immortal (Chrono Boost)  
  118  9:53  Pylon  
  118  9:54  Pylon  
  118  9:56  Adept x2  
  122  10:01  Adept  
  122  10:03  Nexus  
  122  10:05  Pylon  
  124  10:10  Pylon  
  124  10:17  Observer  
  124  10:18  Adept x4  
  133  10:22  Adept x2  
  137  10:32  Adept x3  
  141  10:42  Adept x5  
  129  10:55  Adept x4  
  64  11:14  Zealot x2, Stalker x3  

Tags
 
Add a new tag
Caveats
  • Supply blocks, unpowered buildings, or Contaminate may cause inaccurate times.
  • Supply counts are checked every 10 seconds.